 Dungeon Crawl Stone Soup version 0.23.2 (webtiles) character file.

Game seed: 17728438879339833135

75 Kairos the Skirmisher (level 4, -2/37 HPs)
             Began as a Formicid Abyssal Knight on Apr 9, 2019.
             Was a Follower of Lugonu.
             Slain by a gnoll (4 damage)
             ... on level 1 of the Dungeon.
             The game lasted 00:03:14 (2209 turns).

Kairos the Skirmisher (Formicid Abyssal Knight)     Turns: 2209, Time: 00:03:15

Health: -2/37      AC:  4    Str: 17    XL:     4   Next: 55%
Magic:  14/14      EV: 10    Int: 12    God:    Lugonu [*.....]
Gold:   169        SH:  3    Dex: 10    Spells: 3/3 levels left

rFire    . . .     SeeInvis +   a - +1 spear
rCold    . . .     Gourm    .   l - +0 buckler
rNeg     + + .     Faith    .   e - +1 leather armour "Koneameo" {rElec rN++ MR- Stlth+}
rPois    .         Spirit   .   (helmet unavailable)
rElec    +         Reflect  .   (no cloak)
rCorr    +         Harm     .   (no gloves)
MR       .....                  (no boots)
Stlth    ++........             (no amulet)
HPRegen  0.12/turn              f - ring of resist corrosion
MPRegen  0.14/turn              o - ring of magical power

@: no status effects
A: permanent stasis, dig shafts and tunnels, four strong arms, antennae 3
a: Dig, Shaft Self, Depart the Abyss, Renounce Religion


You were on level 1 of the Dungeon.
You worshipped Lugonu.
Lugonu was aware of your devotion.
You were hungry.

You visited 1 branch of the dungeon, and saw 2 of its levels.
You visited the Abyss 1 time.

You collected 169 gold pieces.

Inventory:

Hand Weapons
 a - a +1 spear (weapon)
Armour
 b - a +0 leather armour
 e - the +1 leather armour "Koneameo" (worn) {rElec rN++ MR- Stlth+}
   (You found it on level 2 of the Abyss)

   It insulates you from electricity.
   It greatly protects you from negative energy.
   It affects your resistance to hostile enchantments.
   It makes you more stealthy.
 l - a +0 buckler (worn)
Jewellery
 f - a ring of resist corrosion (left hand)
 o - a ring of magical power (right hand)
Scrolls
 g - a scroll of fear
 h - a scroll of amnesia {unknown}
 k - a scroll of magic mapping {unknown}
Potions
 d - a potion of agility
 i - 3 potions of might
 j - a potion of lignification
 m - 2 potions of heal wounds
 p - a potion of curing
Comestibles
 c - 3 rations


   Skills:
 + Level 4.2 Fighting
 + Level 3.0 Polearms
 + Level 2.4 Armour
 + Level 1.0 Dodging
 + Level 1.7 Stealth
 + Level 2.5 Invocations


You had 3 spell levels left.
You didn't know any spells.
Your spell library contained the following spells:

 Spells                   Type           Power        Failure   Level  Hunger
 Irradiate                Conj/Tmut      #.........   100%        5    ######.
 Hydra Form               Tmut           #.........   100%        6    #######
 Statue Form              Tmut/Erth      #........    100%        6    #######
 Dragon Form              Tmut           #.........   100%        7    #######


Dungeon Overview and Level Annotations

Branches:
Dungeon (2/15)

Altars:


Innate Abilities, Weirdness & Mutations

You cannot be hasted, slowed, berserked, paralysed or teleported.
You can dig through walls and to a lower floor.
Your four strong arms can wield two-handed weapons with a shield.
You have a pair of large antennae on your head. (SInv)


Message History

You are too injured to fight recklessly!
You are too injured to fight recklessly!
You are too injured to fight recklessly!
You are too injured to fight recklessly!
You are too injured to fight recklessly!
You are too injured to fight recklessly!
The gnoll hits you from afar with a +0 spear.
The gnoll hits you.
* * * LOW HITPOINT WARNING * * *
You block the adder's attack.
You climb upwards.
There is a stone staircase leading down here.
You puncture the gnoll!
The gnoll is almost dead.
The gnoll hits you!
* * * LOW HITPOINT WARNING * * *
You hit the gnoll but do no damage.
The gnoll is almost dead.
The gnoll hits you.
You die...

..............#
#....##.#
.##...........#
#.##.##.#
.####(.##.....#
#...)..)#
.####..##.....#
####.####
.........###### ##...##
##.##.##.# #.#.#.#
#.##.##.# #...#.#
#....##.#########
#..##.#
#.#####.##....g@#
##...##
#.......##.####.####.###
#.......##...........#
#....##(##)##.#..#####
#.##.....()...#..#
##.#####.##.......#
.........##.#####.#
#.#########.......# #.#
#########


You could see a gnoll.

Vanquished Creatures
  3 adders (D:2)
  3 worms (D:2)
  3 giant cockroaches
  3 goblins
  4 hobgoblins
  A quokka (D:2)
  A ball python (D:1)
  4 bats
  4 frilled lizards
  8 kobolds
  7 rats
41 creatures vanquished.

Notes
Turn   | Place    | Note
-------+----------+-------------------------------------------
     0 | Abyss:1  | Kairos the Formicid Abyssal Knight began the quest for the
                  | Orb.
     0 | Abyss:1  | Reached XP level 1. HP: 18/18 MP: 2/2
    47 | Abyss:1  | Noticed a chaos spawn
    47 | Abyss:1  | Noticed a small abomination
    84 | Abyss:2  | Noticed a smoke demon
    90 | Abyss:2  | Got a pitted leather armour
   115 | Abyss:2  | Noticed a wretched star
   116 | Abyss:2  | Identified the +1 leather armour "Koneameo" {rElec rN++ MR-
                  | Stlth+} (You found it on level 2 of the Abyss)
   123 | Abyss:2  | Noticed a freezing wraith
   136 | Abyss:2  | Noticed an orange demon
   156 | Abyss:2  | Noticed a small abomination
   177 | D:1      | Escaped the Abyss
   283 | D:1      | Reached * piety under Lugonu
   343 | D:1      | Reached XP level 2. HP: 22/24 MP: 3/3
   658 | D:1      | Reached skill level 1 in Stealth
   794 | D:1      | Reached XP level 3. HP: 25/30 MP: 4/4
  1119 | D:2      | Reached skill level 4 in Fighting
  1596 | D:2      | Reached skill level 1 in Dodging
  1596 | D:2      | Reached XP level 4. HP: 24/37 MP: 5/5
  2209 | D:1      | Slain by a gnoll

Skill      XL: |  1  2  3  4 |
---------------+-------------+-----
Stealth        | 1 |  1.7
Fighting       | 4 |  4.2
Dodging        | 1 |  1.0
Polearms       | 3 |  3.0
Armour         | |  2.4
Invocations    | |  2.5

Action                   |  1- 3 |  4- 6 || total
-------------------------+-------+-------++-------
Melee: Spear             |   111 |    29 ||   140
Invok: Depart the Abyss  |     1 |       ||     1
 Abil: Dig               |     2 |       ||     2
  Use: Scroll            |     5 |       ||     5
       Potion            |     4 |       ||     4
 Stab: Sleeping          |     6 |     1 ||     7
  Eat: Ration            |     1 |       ||     1
Armor: Leather armour    |    24 |     1 ||    25
Dodge: Dodged            |    60 |    16 ||    76
Block: Buckler           |       |     5 ||     5
